 Dungeon Crawl Stone Soup version 0.18-a0-1720-g8df8b1a (webtiles) character file.

600 Eptagon the Martial Artist (level 7, -2/46 HPs)
             Began as an Octopode Monk on Apr 9, 2016.
             Was a Priest of Jiyva.
             Slain by a scorpion (3 damage)
             ... in an ossuary.
             The game lasted 00:07:46 (3202 turns).

Eptagon the Martial Artist (Octopode Monk)          Turns: 3202, Time: 00:07:47

Health: -2/46      AC:  1    Str: 12    XL:     7   Next: 41%
Magic:  7/7        EV: 13    Int: 14    God:    Jiyva [***...]
Gold:   206        SH:  0    Dex: 16    Spells: 0 memorised, 6 levels left

rFire  . . .     SeeInvis .       - Unarmed
rCold  . . .     Gourm    .     (no shield)
rNeg   . . .     Faith    .     (helmet restricted)
rPois  .         Spirit   .     (no amulet)
rElec  .         Dismiss  .     b - +3 ring of strength
rCorr  +         Reflect  .     m - ring of teleportation (curse)
SustAt .         Harm     .     (no ring)
MR     .....     Rnd*Tele +     (no ring)
Stlth  +++.......               (no ring)
                                (no ring)
                                (no ring)
                                (no ring)

@: lethally poisoned (-2 -> -7), not resistant to hostile enchantments, fairly
stealthy
A: almost no armour, amphibious, 8 rings, constrict 8, camouflage 1, gelatinous
body 1, evolution 1
a: Request Jelly, Jelly Paralyse, Renounce Religion


You were in an ossuary.
You worshipped Jiyva.
Jiyva was most pleased with you.
You were hungry.

You visited 1 branch of the dungeon, and saw 4 of its levels.
You also visited: Sewer and Ossuary.

You collected 206 gold pieces.

Inventory:

Jewellery
 b - a +3 ring of strength (left tentacle)
 m - a cursed ring of teleportation (right tentacle)
Scrolls
 h - 2 scrolls of enchant armour
 i - a scroll of fear {unknown}
Potions
 d - a potion of magic
 f - a potion of cure mutation
 l - a potion of might
 p - a potion of invisibility
Comestibles
 a - 2 bread rations
 c - 2 meat rations
 j - 8 fruits
 k - a royal jelly
 r - 2 beef jerkies


   Skills:
 - Level 3.0 Fighting
 - Level 3.0 Dodging
 - Level 2.6 Stealth
 + Level 8.8 Unarmed Combat


You had 6 spell levels left.
You didn't know any spells.

Dungeon Overview and Level Annotations

Branches:
Dungeon (4/15)
 Temple: D:4-7

Altars:
Jiyva

Shops:
D:4 *


Innate Abilities, Weirdness & Mutations

You cannot wear most types of armour.
You are amphibious.
You can wear up to eight rings at the same time.
You can use your tentacles to constrict eight enemies at once.
Your skin changes colour to match your surroundings (Stealth).
Your rubbery body absorbs attacks (AC +1).
You evolve.


Message History

You completely miss the scorpion. You grab the scorpion.
You constrict the scorpion.
You tentacle-slap the scorpion but do no damage.
The scorpion is lightly wounded.
You constrict the scorpion, but do no damage.
The scorpion stings you!
* * * LOW HITPOINT WARNING * * *
You tentacle-slap the scorpion but do no damage.
The scorpion is lightly wounded.
You constrict the scorpion, but do no damage.
The scorpion stings you!
* * * LOW HITPOINT WARNING * * *
You are lethally poisoned!
The scorpion poisons you!
Drink which item? (? for menu, Esc to quit)
It was a potion of magic.
Magic courses through your body.
You constrict the scorpion.
* * * LOW HITPOINT WARNING * * *
You feel sick. The scorpion stings you.
You die...

8.....# #.....#
#.....#
####.###########+##
..#..^#...#...#...#
..#.^.'...8...#...#
..#J^^#.......#...#
########8...8##...#
..#...#.......#.@^#
..8...#...8...#Zs^#
......#...#...#...#
8...8###'#######'##
......#^.^#M.?#...
..8...'^..#!.?+...
..#...#...#?.?#...
###################


You could see a scorpion and a hobgoblin zombie.

Vanquished Creatures
  Sigmund (D:2)
  2 scorpions (Ossuary)
  A hound (D:4)
  A centaur zombie (Ossuary)
  A human zombie (Ossuary)
  An orc priest (D:4)
  Jessica (D:3)
  2 mummies (Ossuary)
  6 adders
  2 scorpion zombies (Ossuary)
  An adder skeleton (D:4)
  3 worms (D:2)
  A dart slug (D:4)
  3 giant geckos (D:1)
  6 orcs (D:4)
  4 giant cockroaches
  2 gnoll zombies (Ossuary)
  5 goblins
  6 hobgoblins
  2 jackals (D:4)
  2 quokkas
  A ball python (D:2)
  6 bats
  5 giant newts
  2 goblin zombies
  A hobgoblin zombie (Ossuary)
  5 kobolds (D:1)
  An orc zombie (Ossuary)
  11 rats
  A rat zombie (D:4)
86 creatures vanquished.

Vanquished Creatures (others)
  A big kobold (Sewer)
  A jelly (Sewer)
  A hobgoblin (D:3)
  2 jackals (Sewer)
  6 kobolds
  A quokka (D:2)
  2 bats
  A giant newt (D:4)
  An orc zombie (Ossuary)
  4 rats
20 creatures vanquished.

Grand Total: 106 creatures vanquished

Notes
Turn   | Place    | Note
--------------------------------------------------------------
     0 | D:1      | Eptagon the Octopode Monk began the quest for the Orb.
     0 | D:1      | Reached XP level 1. HP: 16/16 MP: 1/1
   107 | D:1      | Reached XP level 2. HP: 20/21 MP: 2/2
   342 | D:1      | Reached XP level 3. HP: 19/26 MP: 3/3
   510 | D:1      | Reached skill level 5 in Unarmed Combat
   898 | D:2      | Noticed Sigmund
   907 | D:2      | Killed Sigmund
   907 | D:2      | Reached skill level 6 in Unarmed Combat
   907 | D:2      | Reached XP level 4. HP: 21/31 MP: 4/4
   907 | D:2      | Reached XP level 5. HP: 24/36 MP: 5/5
  1240 | D:2      | Found a faded altar to an unknown god.
  1270 | D:2      | Became a worshipper of Jiyva Javamac the Shapeless
  1270 | D:2      | Reached * piety under Jiyva
  1270 | D:2      | Reached ** piety under Jiyva
  1288 | D:2      | Reached skill level 7 in Unarmed Combat
  1442 | D:2      | Reached XP level 6. HP: 42/42 MP: 6/6
  1644 | D:3      | Found a glowing drain.
  1644 | D:3      | Reached *** piety under Jiyva
  1748 | Sewer    | Entered a sewer
  1988 | Sewer    | Found a glowing silver altar of Zin.
  2051 | D:3      | Noticed Jessica
  2059 | D:3      | Killed Jessica
  2229 | D:3      | Gained mutation: You evolve. [Jiyva's grace]
  2511 | D:4      | Found Hotz's Assorted Antiques.
  2760 | D:4      | Found a sand-covered staircase.
  2779 | Ossuary  | Entered an ossuary
  2806 | Ossuary  | Reached skill level 8 in Unarmed Combat
  2806 | Ossuary  | Reached XP level 7. HP: 33/46 MP: 7/7
  3201 | Ossuary  | HP: 2/46 [scorpion (8)]
  3202 | Ossuary  | Slain by a scorpion

Vault maps used:
D:1:      sevenhm_arrival_forest_fort_small_4, bh_walls_and_bars
D:2:      ecumenical_altar_2, hex_intersection, uniq_sigmund
D:3:      gup_sewer_entry_glass, minmay_misc_feat_x, uniq_jessica
D:4:      cheibriados_altar_1, minmay_temple_entry_fiery, serial_shops, shop,
          shop, first_bread, enter_ossuary_4, minmay_misc_feat_iff, uniq_natasha
Sewer:    sewer_kobolds
Ossuary:  ossuary_minmay_scorpions

Skill      XL: |  1  2  3  4  5  6 |
---------------+-------------------+-----
Unarmed Combat | 6 7 8 |  8.8
Fighting       | |  3.0
Dodging        | |  3.0
Stealth        | |  2.6

Action                   |  1- 3 |  4- 6 |  7- 9 || total
-------------------------+-------+-------+-------++-------
Melee: Unarmed           |    58 |    92 |    40 ||   190
  Use: Scroll            |       |    11 |     1 ||    12
       Potion            |       |       |     2 ||     2
 Stab: Sleeping          |    12 |    15 |       ||    27
  Eat: Chunk             |       |     3 |     1 ||     4
